3A
HOGSMEADE CAULDRONS @ GRAND FORKS CATERPILLARS
08/06/2022
 
TOP OF THE 1ST
Hogsmeade Cauldrons batting - Pitching for Grand Forks Caterpillars : LHP Gabriel Herrera
Pitching: LHP Gabriel Herrera
Batting: RHB Jesús Cisneros 0-0: Called Strike
0-1: Fly out, F4 (Popup, 4M)
Batting: RHB Ernesto Souza 0-0: Ball
1-0: Ball
2-0: Swinging Strike
2-1: Ball
3-1: Swinging Strike
3-2: Base on Balls
Batting: RHB Raúl Reyna 0-0: Called Strike
0-1: Ball
1-1: Ball
2-1: Called Strike
2-2: Ball
3-2: Foul Ball, location: 2F
3-2: Strikes out looking
Ernesto Souza is caught stealing 2nd base
Batter strikes out.
Top of the 1st over - 0 run(s), 0 hit(s), 0 error(s), 0 left on base; Hogsmeade 0 - Grand Forks 0
BOTTOM OF THE 1ST
Grand Forks Caterpillars batting - Pitching for Hogsmeade Cauldrons : RHP Rob Rocha
Pitching: RHP Rob Rocha
Batting: SHB Luchino Salimbeni 0-0: Swinging Strike
0-1: Swinging Strike
0-2: Strikes out looking
Batting: RHB Javier Rivera 0-0: Ball
1-0: DOUBLE (Line Drive, 8LM)
Batting: LHB Júlio Castro 0-0: DOUBLE (Groundball, 5L)
Javier Rivera scores
Batting: RHB Jim Unknown 0-0: Ball
1-0: Ball
2-0: DOUBLE (Groundball, 5L)
Júlio Castro scores
Batting: RHB Alfonso Baca 0-0: Foul Ball, location: 2F
0-1: Ground out 5-3 (Groundball, 5L)
Batting: RHB Fokke Willemsen 0-0: Ball
1-0: Called Strike
1-1: Ball
2-1: Foul Ball, location: 2F
2-2: Strikes out swinging
Bottom of the 1st over - 2 run(s), 3 hit(s), 0 error(s), 1 left on base; Hogsmeade 0 - Grand Forks 2
TOP OF THE 2ND
Hogsmeade Cauldrons batting - Pitching for Grand Forks Caterpillars : LHP Gabriel Herrera
Batting: SHB Fernando Sánchez 0-0: Ball
1-0: Ball
2-0: Foul Ball, location: 2F
2-1: Foul Ball, location: 2F
2-2: Ball
3-2: Foul Ball, location: 2F
3-2: Ground out 6-3 (Groundball, 6)
Batting: RHB Santiago Mosca 0-0: Called Strike
0-1: Foul Ball, location: 2F
0-2: Ball
1-2: Strikes out swinging
Batting: RHB Gonzalo Ángel 0-0: Foul Ball, location: 2F
0-1: Ball
1-1: Called Strike
1-2: Ball
2-2: Foul Ball, location: 2F
2-2: Fly out, F8 (Flyball, 8RM)
Top of the 2nd over - 0 run(s), 0 hit(s), 0 error(s), 0 left on base; Hogsmeade 0 - Grand Forks 2
BOTTOM OF THE 2ND
Grand Forks Caterpillars batting - Pitching for Hogsmeade Cauldrons : RHP Rob Rocha
Batting: RHB Nobuhiko Nakayama 0-0: Ball
1-0: Ground out 6-3 (Groundball, 6)
Batting: LHB Armando Becerra 0-0: Ball
1-0: Called Strike
1-1: Foul Ball, location: 2F
1-2: Ball
2-2: Foul Ball, location: 2F
2-2: Strikes out swinging
Batting: LHB Felipe Trujillo 0-0: Ground out 6-3 (Groundball, 6M)
Bottom of the 2nd over - 0 run(s), 0 hit(s), 0 error(s), 0 left on base; Hogsmeade 0 - Grand Forks 2
TOP OF THE 3RD
Hogsmeade Cauldrons batting - Pitching for Grand Forks Caterpillars : LHP Gabriel Herrera
Batting: RHB Héctor Casas 0-0: DOUBLE (Groundball, 5L)
Batting: RHB Reynaldo Pérez 0-0: Ball
1-0: Called Strike
1-1: Foul Ball, location: 2F
1-2: Ball
2-2: SINGLE (Line Drive, 56D)
Héctor Casas to third
Batting: RHB Jim Unknown 0-0: Called Strike
0-1: Fly out, F4 (Popup, 34D)
Batting: RHB Jesús Cisneros 0-0: Ball
1-0: Ball
2-0: Called Strike
Throwing error on steal attempt, E2
Héctor Casas scores
Reynaldo Pérez to third
2-1: SINGLE (Groundball, 56D) (infield hit)
Reynaldo Pérez scores
Batting: RHB Ernesto Souza 0-0: Ball
1-0: Swinging Strike
1-1: Fielders Choice at 2nd, 5-4 (Groundball, 5)
Batting: RHB Raúl Reyna 0-0: Called Strike
0-1: Ball
1-1: Ball
2-1: Foul Ball, location: 2F
2-2: Fielders Choice at 2nd, U6 (Groundball, 6M)
Top of the 3rd over - 2 run(s), 3 hit(s), 1 error(s), 1 left on base; Hogsmeade 2 - Grand Forks 2
BOTTOM OF THE 3RD
Grand Forks Caterpillars batting - Pitching for Hogsmeade Cauldrons : RHP Rob Rocha
Batting: SHB Luchino Salimbeni 0-0: Ball
1-0: Fly out, F8 (Flyball, 8LM)
Batting: RHB Javier Rivera 0-0: Called Strike
0-1: Ground out 6-3 (Groundball, 6)
Batting: LHB Júlio Castro 0-0: Ball
1-0: DOUBLE (Line Drive, 78M)
Batting: RHB Jim Unknown 0-0: Swinging Strike
0-1: Ground out 6-3 (Groundball, 6M)
Bottom of the 3rd over - 0 run(s), 1 hit(s), 0 error(s), 1 left on base; Hogsmeade 2 - Grand Forks 2
TOP OF THE 4TH
Hogsmeade Cauldrons batting - Pitching for Grand Forks Caterpillars : LHP Gabriel Herrera
Pitching: LHP José Duarte
Batting: SHB Fernando Sánchez 0-0: Called Strike
0-1: Called Strike
0-2: TRIPLE (Flyball, 78XD)
Batting: RHB Santiago Mosca 0-0: DOUBLE (Line Drive, 89M)
Fernando Sánchez scores
Batting: RHB Gonzalo Ángel 0-0: SINGLE (Line Drive, 89M)
Santiago Mosca to third
Batting: RHB Héctor Casas 0-0: Ball
1-0: Called Strike
1-1: Foul Ball, location: 2F
1-2: Fly out, F7 (Flyball, 7M)
Runner from 3rd tags up, SCORES, no throw
Batting: RHB Reynaldo Pérez 0-0: Called Strike
0-1: Ball
1-1: Foul Ball, location: 2F
1-2: DOUBLE (Groundball, 5L)
Gonzalo Ángel to third
Batting: RHB Jim Unknown 0-0: Called Strike
0-1: Foul Ball, location: 2F
0-2: Ball
1-2: Strikes out swinging
Batting: RHB Jesús Cisneros 0-0: Called Strike
0-1: Fly out, F9 (Flyball, 9S)
Top of the 4th over - 2 run(s), 4 hit(s), 0 error(s), 2 left on base; Hogsmeade 4 - Grand Forks 2
BOTTOM OF THE 4TH
Grand Forks Caterpillars batting - Pitching for Hogsmeade Cauldrons : RHP Rob Rocha
Batting: RHB Alfonso Baca 0-0: Ball
1-0: Swinging Strike
1-1: Foul Ball, location: 2F
1-2: SINGLE (Line Drive, 78M)
Batting: RHB Fokke Willemsen 0-0: Foul Ball, location: 2F
0-1: Ball
1-1: SINGLE (Flyball, 89S)
Alfonso Baca to second
Batting: RHB Nobuhiko Nakayama 0-0: DOUBLE (Flyball, 78M)
Alfonso Baca scores
Fokke Willemsen to third
Batting: LHB Armando Becerra 0-0: Ball
1-0: Ground out 4-3 (Groundball, 4)
Fokke Willemsen scores
Nobuhiko Nakayama to third
Batting: LHB Felipe Trujillo 0-0: Ball
1-0: Ball
2-0: Called Strike
2-1: Foul Ball, location: 2F
2-2: Foul Ball, location: 2F
2-2: Foul Ball, location: 2F
2-2: SINGLE (Line Drive, 8RS)
Nobuhiko Nakayama scores
Batting: SHB Luchino Salimbeni 0-0: Ball
1-0: Ball
2-0: Called Strike
2-1: Ball
3-1: Called Strike
3-2: Fly out, F9 (Flyball, 9M)
3-2: Fly out, F9 (Flyball, 9M)
Batting: RHB Javier Rivera 0-0: Ball
1-0: Ball
2-0: Called Strike
2-1: Foul Ball, location: 2F
2-2: Fly out, F7 (Line Drive, 78S)
Bottom of the 4th over - 3 run(s), 4 hit(s), 0 error(s), 1 left on base; Hogsmeade 4 - Grand Forks 5
TOP OF THE 5TH
Hogsmeade Cauldrons batting - Pitching for Grand Forks Caterpillars : LHP José Duarte
Batting: RHB Ernesto Souza 0-0: Foul Ball, location: 2F
0-1: Called Strike
0-2: Foul Ball, location: 2F
0-2: Foul Ball, location: 2F
0-2: Foul Ball, location: 2F
0-2: Strikes out swinging
Batting: RHB Raúl Reyna 0-0: Foul Ball, location: 2F
0-1: Ball
1-1: SINGLE (Line Drive, 6MD)
Batting: SHB Fernando Sánchez 0-0: Called Strike
0-1: Swinging Strike
0-2: Ball
1-2: Strikes out swinging
Batting: RHB Santiago Mosca 0-0: Swinging Strike
0-1: SINGLE (Line Drive, 3)
Raúl Reyna to second
Runner from 2nd tries for 3rd, SAFE, throw made to third
Santiago Mosca to second
Batting: RHB Gonzalo Ángel 0-0: Fly out, F7 (Flyball, 7LM)
Top of the 5th over - 0 run(s), 2 hit(s), 0 error(s), 2 left on base; Hogsmeade 4 - Grand Forks 5
BOTTOM OF THE 5TH
Grand Forks Caterpillars batting - Pitching for Hogsmeade Cauldrons : RHP Rob Rocha
Batting: LHB Júlio Castro 0-0: Ball
1-0: Ball
2-0: Ball
3-0: Base on Balls
Batting: RHB Jim Unknown 0-0: Foul Ball, location: 2F
0-1: Called Strike
0-2: Reached on error, E5 (Groundball, 5S)
Júlio Castro to third
Batting: RHB Alfonso Baca 0-0: Swinging Strike
0-1: Ball
1-1: Ball
2-1: Ball
3-1: Foul Ball, location: 2F
3-2: Ground out 6-3 (Groundball, 6MS)
Júlio Castro scores
Jim Unknown to third
Pitching: RHP Kelly Henry
Batting: RHB Fokke Willemsen 0-0: Foul Ball, location: 2F
0-1: Swinging Strike
0-2: Ball
1-2: Ball
2-2: SINGLE (Flyball, 7LS)
Jim Unknown scores
Batting: RHB Nobuhiko Nakayama 0-0: Ground out 5-3 (Groundball, 15S)
Fokke Willemsen to second
Batting: LHB Armando Becerra 0-0: Called Strike
0-1: Ball
1-1: Ball
2-1: Ground out 4-3 (Groundball, 4)
Bottom of the 5th over - 2 run(s), 1 hit(s), 1 error(s), 1 left on base; Hogsmeade 4 - Grand Forks 7
TOP OF THE 6TH
Hogsmeade Cauldrons batting - Pitching for Grand Forks Caterpillars : LHP José Duarte
Batting: RHB Héctor Casas 0-0: Ball
1-0: Called Strike
1-1: Ball
2-1: Swinging Strike
2-2: Ball
3-2: Strikes out looking
Pitching: LHP Rio Bavin
Batting: RHB Reynaldo Pérez 0-0: Ball
1-0: Swinging Strike
1-1: Ball
2-1: Ball
3-1: Foul Ball, location: 2F
3-2: Foul Ball, location: 2F
3-2: Base on Balls
Batting: RHB Jim Unknown 0-0: Fly out, F4 (Line Drive, 4)
Batting: RHB Jesús Cisneros 0-0: Ball
1-0: Ball
2-0: Ball
3-0: Called Strike
3-1: SINGLE (Groundball, 4MD)
Reynaldo Pérez to second
Runner from 2nd tries for 3rd, SAFE, throw made to third
Batting: RHB Ernesto Souza 0-0: Ground out 6-3 (Groundball, 6)
Top of the 6th over - 0 run(s), 1 hit(s), 0 error(s), 2 left on base; Hogsmeade 4 - Grand Forks 7
BOTTOM OF THE 6TH
Grand Forks Caterpillars batting - Pitching for Hogsmeade Cauldrons : RHP Kelly Henry
Batting: LHB Felipe Trujillo 0-0: Foul Ball, location: 2F
0-1: Swinging Strike
0-2: Ball
1-2: Foul Ball, location: 2F
1-2: Strikes out looking
Batting: SHB Luchino Salimbeni 0-0: Called Strike
0-1: Ball
1-1: Foul Ball, location: 2F
1-2: Foul Ball, location: 2F
1-2: Foul Ball, location: 2F
1-2: Foul Ball, location: 2F
1-2: Foul Ball, location: 2F
1-2: Strikes out looking
Batting: RHB Javier Rivera 0-0: Fly out, F9 (Flyball, 9M)
Bottom of the 6th over - 0 run(s), 0 hit(s), 0 error(s), 0 left on base; Hogsmeade 4 - Grand Forks 7
TOP OF THE 7TH
Hogsmeade Cauldrons batting - Pitching for Grand Forks Caterpillars : LHP Rio Bavin
Batting: RHB Raúl Reyna 0-0: Ball
1-0: Foul Ball, location: 2F
1-1: Foul Ball, location: 2F
1-2: Ball
2-2: Strikes out swinging
Batting: SHB Fernando Sánchez 0-0: Ball
1-0: Called Strike
1-1: Foul Ball, location: 2F
1-2: Ball
2-2: Strikes out swinging
Batting: RHB Santiago Mosca 0-0: Called Strike
0-1: Called Strike
0-2: Ball
1-2: Ball
2-2: Strikes out looking
Top of the 7th over - 0 run(s), 0 hit(s), 0 error(s), 0 left on base; Hogsmeade 4 - Grand Forks 7
BOTTOM OF THE 7TH
Grand Forks Caterpillars batting - Pitching for Hogsmeade Cauldrons : RHP Kelly Henry
Batting: LHB Júlio Castro 0-0: Ball
1-0: Ground out U3 (Groundball, 3S)
Batting: RHB Jim Unknown 0-0: Foul Ball, location: 2F
0-1: Ball
1-1: SINGLE (Line Drive, 89S)
Batting: RHB Alfonso Baca 0-0: Ball
1-0: Ball
2-0: Called Strike
2-1: Fly out, F8 (Flyball, 8LS)
Batting: RHB Fokke Willemsen 0-0: Ball
1-0: Called Strike
1-1: Foul Ball, location: 2F
1-2: Ground out 5-3 (Groundball, 5S)
Bottom of the 7th over - 0 run(s), 1 hit(s), 0 error(s), 1 left on base; Hogsmeade 4 - Grand Forks 7
TOP OF THE 8TH
Hogsmeade Cauldrons batting - Pitching for Grand Forks Caterpillars : LHP Rio Bavin
Batting: RHB Gonzalo Ángel 0-0: Called Strike
0-1: Fly out, F7 (Flyball, 7M)
Batting: RHB Héctor Casas 0-0: Ball
1-0: Ground out 6-3 (Groundball, 6)
Batting: RHB Reynaldo Pérez 0-0: Foul Ball, location: 2F
0-1: Ball
1-1: Foul Ball, location: 2F
1-2: Fly out, F7 (Line Drive, 8LM)
Top of the 8th over - 0 run(s), 0 hit(s), 0 error(s), 0 left on base; Hogsmeade 4 - Grand Forks 7
BOTTOM OF THE 8TH
Grand Forks Caterpillars batting - Pitching for Hogsmeade Cauldrons : RHP Kelly Henry
Batting: RHB Nobuhiko Nakayama 0-0: Called Strike
0-1: Swinging Strike
0-2: Foul Ball, location: 2F
0-2: SINGLE (Groundball, 4D)
Batting: LHB Armando Becerra 0-0: Called Strike
0-1: SINGLE (Groundball, 4MD)
Nobuhiko Nakayama to second
Runner from 2nd tries for 3rd, SAFE, throw made to third
Batting: LHB Felipe Trujillo 0-0: Ball
1-0: Called Strike
1-1: Ball
2-1: Swinging Strike
2-2: Hit by Pitch
Armando Becerra to second
Batting: SHB Luchino Salimbeni 0-0: Called Strike
0-1: Foul Ball, location: 2F
0-2: Strikes out looking
Pitching: RHP Jim Unknown
Batting: RHB Javier Rivera 0-0: Ball
1-0: Ball
2-0: Ball
3-0: Called Strike
3-1: Foul Ball, location: 2F
3-2: Strikes out swinging
Batting: LHB Júlio Castro 0-0: SINGLE (Groundball, 34D)
Nobuhiko Nakayama scores
Armando Becerra to third
Felipe Trujillo to second
Runner from 3rd tries for Home, SAFE, no throw or cutoff
Batting: RHB Jim Unknown 0-0: Ball
1-0: Ball
2-0: Called Strike
2-1: Ground out 6-3 (Groundball, 6D)
Bottom of the 8th over - 2 run(s), 3 hit(s), 0 error(s), 2 left on base; Hogsmeade 4 - Grand Forks 9
TOP OF THE 9TH
Hogsmeade Cauldrons batting - Pitching for Grand Forks Caterpillars : LHP Rio Bavin
Pitching: LHP Juan Costello
Batting: RHB Jim Unknown 0-0: Foul Ball, location: 2F
0-1: Foul Ball, location: 2F
0-2: Fly out, F8 (Flyball, 8RM)
Batting: RHB Jesús Cisneros 0-0: Ball
1-0: Ball
2-0: Reached on Error, E9 (Flyball, 9M)
Batting: RHB Ernesto Souza 0-0: Foul Ball, location: 2F
0-1: Ball
1-1: Called Strike
1-2: Ball
2-2: Grounds into double play, 6-4-3 (Groundball, 56)
Top of the 9th over - 0 run(s), 0 hit(s), 1 error(s), 0 left on base; Hogsmeade 4 - Grand Forks 9
This league is powered by Out of the Park Baseball, the baseball management simulation game for PC, Mac and Linux
Friday, April 15th, 2016 - OOTP Baseball 16.9 Build 39